Map: Efflorescence LE

Players

Titans

  • Race: Zerg Zerg
  • League: Diamond
  • Spawn Location: 9:00

PIGNATA

  • Race: Zerg Zerg
  • League: Diamond
  • Spawn Location: 6:00

Massa - Winner!

  • Race: Terran Terran
  • League: Platinum
  • Spawn Location: 3:00

qqq - Winner!

  • Race: Protoss Protoss
  • League: Platinum
  • Spawn Location: 12:00

VOD

Have the link to the VOD?

Description

Time

  • Played on: Dec. 31, 2020, 8:11 a.m.
  • Length: 8:50
Show
View Real Time Build Order
Export as new Build Order

Titans Zerg 

Build Orders: Pool First, Zergling Baneling 

Get SALT Encoding   

  12  0:00  Drone  
  13  0:12  Overlord  
  13  0:19  Drone  
  14  0:30  Drone x2  
  16  0:39  Drone  
  17  1:01  Drone x2  
  19  1:21  Extractor, Spawning Pool  
  18  1:39  Hatchery, Drone x2  
  18  1:52  Drone  
  19  2:01  Overlord  
  19  2:09  Queen  
  21  2:16  Zergling x2  
  21  2:20  Metabolic Boost  
  21  2:22  Zergling x2  
  23  2:34  Zergling x2  
  24  2:43  Zergling x2  
  24  2:53  Zergling x2  
  25  3:03  Zergling x4  
  27  3:05  Zergling x2  
  27  3:06  Queen  
  27  3:12  Zergling x2  
  31  3:18  Zergling x2  
  32  3:23  Baneling Nest  
  32  3:26  Zergling x8  
  35  3:45  Zergling x4  
  35  4:10  Zergling x2  
  35  4:12  Overlord x2  
  36  4:21  Baneling x5  
  36  4:22  Baneling x3  
  36  4:30  Spore Crawler  
  34  4:31  Drone  
  28  5:02  Zergling x2  
  28  5:03  Zergling x14  
  36  5:10  Spore Crawler  
  33  5:22  Zergling x2  
  33  5:23  Zergling x4  
  33  5:29  Spore Crawler  
  32  5:42  Baneling x3  
  32  5:43  Baneling  
  30  6:02  Lair  
  28  6:05  Zergling x6  
  31  6:14  Drone  
  29  6:42  Spore Crawler  
  25  7:02  Spire  
  25  7:03  Overlord x2  
  20  7:17  Spore Crawler x3  
  17  7:49  Extractor x2  
  16  8:13  Drone  
  16  8:14  Drone x11  
  16  8:15  Drone x2  
Show
View Real Time Build Order
Export as new Build Order

PIGNATA Zerg 

Build Orders: Hatch First 

Get SALT Encoding   

  12  0:00  Drone  
  13  0:13  Overlord  
  13  0:18  Drone  
  14  0:31  Drone x2  
  16  0:52  Hatchery  
  15  1:11  Drone x3  
  16  1:14  Extractor  
  17  1:30  Spawning Pool  
  16  1:33  Drone  
  16  1:38  Drone  
  18  1:50  Drone  
  19  1:54  Overlord  
  19  2:17  Queen  
  19  2:18  Queen  
  19  2:19  Zergling x2  
  19  2:21  Zergling x2  
  25  2:24  Zergling x2  
  25  3:01  Zergling x4  
  25  3:02  Zergling x8  
  31  3:14  Zergling x2  
  31  3:15  Zergling x2  
  33  3:26  Zergling x4  
  35  3:27  Zergling x2  
  35  3:28  Metabolic Boost  
  35  3:29  Overlord x2  
  29  4:06  Zergling x8  
  33  4:15  Baneling Nest  
  32  4:20  Drone x2  
  34  4:35  Spore Crawler  
  33  4:49  Spore Crawler  
  26  5:08  Zergling x14  
  26  5:09  Zergling x4  
  30  5:43  Zergling x8  
  30  5:44  Zergling x4  
  34  6:07  Spore Crawler  
  34  6:08  Drone x3  
  36  6:14  Drone  
  37  6:18  Drone  
  37  6:19  Drone x3  
  41  6:26  Spore Crawler  
  40  6:34  Baneling x5  
  40  6:35  Baneling x4  
  40  6:36  Baneling  
  40  6:47  Lair  
  29  7:32  Queen  
  29  7:34  Drone x4  
  29  7:35  Drone x8  
  41  7:58  Extractor  
  40  8:01  Extractor  
  39  8:08  Drone x5  
Show
View Real Time Build Order
Export as new Build Order

Massa Terran - Winner!

Build Orders:  

Get SALT Encoding   

  12  0:01  SCV  
  13  0:15  Supply Depot  
  13  0:18  SCV  
  14  0:30  SCV  
  15  0:39  Barracks  
  15  0:42  SCV  
  16  0:48  Supply Depot  
  16  0:54  SCV  
  17  0:59  Refinery  
  17  1:05  Refinery  
  17  1:07  SCV  
  18  1:19  SCV  
  19  1:31  SCV  
  20  1:49  Factory  
  20  1:51  Marine  
  21  2:00  Orbital Command  
  21  2:09  Marine  
  22  2:25  Command Center  
  22  2:39  Starport  
  22  2:51  SCV  
  22  2:52  Factory Tech Lab  
  23  3:01  Starport  
  23  3:05  Marine  
  24  3:08  SCV  
  25  3:21  Banshee  
  28  3:27  Factory Tech Lab, Marine  
  28  3:32  SCV  
  30  3:38  Armory  
  30  3:45  Orbital Command  
  30  3:56  Banshee, Factory Tech Lab  
  33  4:03  Hyperflight Rotors  
  33  4:16  SCV x2  
  35  4:19  Refinery, Banshee  
  38  4:56  Banshee  
  37  5:04  Banshee  
  26  5:17  Supply Depot  
  22  5:22  SCV x2  
  19  5:34  SCV x2  
  21  5:45  Marine  
  21  5:46  SCV x2  
  24  5:50  Supply Depot  
  24  5:58  SCV  
  24  6:03  Marine  
  26  6:09  Banshee  
  29  6:12  SCV x2  
  31  6:24  SCV x2  
  33  6:36  SCV x2  
  35  6:48  SCV x2  
  37  7:00  SCV x2  
  38  7:10  Banshee  
  38  7:12  SCV  
  33  7:34  Supply Depot  
  33  7:39  Supply Depot  
  33  7:41  SCV x2  
  34  7:53  SCV  
  34  7:54  SCV  
  36  8:05  SCV  
  36  8:10  SCV  
  38  8:18  SCV  
  39  8:22  SCV  
Show
View Real Time Build Order
Export as new Build Order

qqq Protoss - Winner!

Build Orders:  

Get SALT Encoding   

  12  0:02  Probe  
  13  0:14  Pylon  
  13  0:34  Forge  
  13  0:37  Probe  
  14  0:47  Pylon  
  14  0:55  Pylon  
  12  1:22  Probe  
  13  1:34  Probe  
  13  1:36  Photon Cannon  
  14  2:08  Photon Cannon  
  14  2:14  Nexus  
  14  2:18  Photon Cannon  
  14  2:35  Photon Cannon  
  14  2:40  Pylon  
  14  2:56  Probe  
  14  2:58  Assimilator  
  15  3:02  Assimilator  
  15  3:08  Probe  
  15  3:09  Pylon  
  16  3:20  Probe  
  17  3:32  Probe  
  18  3:36  Gateway  
  19  3:41  Probe  
  19  3:46  Probe  
  19  4:01  Probe x2  
  21  4:10  Photon Cannon  
  21  4:18  Pylon  
  21  4:22  Probe  
  22  4:33  Cybernetics Core  
  22  4:36  Probe  
  23  5:01  Probe, Photon Cannon, Pylon  
  23  5:02  Probe  
  25  5:22  Pylon  
  25  5:32  Stargate  
  25  5:33  Probe  
  25  5:34  Probe  
  27  5:45  Probe, Stargate  
  27  5:46  Probe  
  29  5:58  Probe x2  
  31  6:08  Pylon  
  31  6:10  Probe x2  
  33  6:11  Shield Battery  
  33  6:25  Assimilator  
  33  6:27  Probe  
  33  6:28  Probe, Fleet Beacon  
  33  6:30  Assimilator  
  35  6:39  Probe  
  36  6:40  Probe  
  37  6:51  Probe, Void Ray (Chrono Boost)  
  37  6:52  Probe, Void Ray (Chrono Boost), Protoss Air Weapons Level 1 (Chrono Boost)  
  47  7:04  Probe  
  48  7:11  Pylon  
  48  7:15  Pylon  
  46  7:39  Carrier  
  46  7:43  Probe  
  53  7:45  Probe  
  54  7:52  Photon Cannon  
  54  7:56  Probe  
  54  7:57  Probe  
  62  8:08  Probe  
  62  8:09  Probe  
  64  8:21  Probe  
  65  8:33  Probe  
Tags
 
Add a new tag
Caveats
  • Supply blocks, unpowered buildings, or Contaminate may cause inaccurate times.
  • Supply counts are checked every 10 seconds.